 Dungeon Crawl Stone Soup version 0.29-a0-821-g66395355a5 (webtiles) character file.

Game seed: 9044643727355497403

149160 jfcaron the Marksgnoll (level 17, 0/135 HPs)
             Began as a Gnoll Brigand on June 28, 2022.
             Was a High Priest of Zin.
             Killed by an exploding bloated husk (36 damage)
             ... on level 3 of the Swamp on July 7, 2022.
             The game lasted 02:30:49 (50751 turns).

jfcaron the Marksgnoll (Gnoll Brigand)             Turns: 50751, Time: 02:30:50

Health: 0/135      AC: 24    Str: 17    XL:     17   Next: 50%
Magic:  33/33      EV: 34    Int: 12    God:    Zin [*****.]
Gold:   1406       SH: 12    Dex: 14    Spells: 25/40 levels left

rFire   . . .      SeeInvis +   a - +1 scimitar (elec)
rCold   . . .      Faith    .   P - +0 kite shield
rNeg    . . .      Spirit   .   i - +0 swamp dragon scales
rPois   +          Reflect  .   p - +2 helmet {SInv}
rElec   +          Harm     .   c - +0 cloak {Stlth+}
rCorr   .          Rampage  ∞   n - +2 pair of gloves
Will    ++...                   H - +3 pair of seven-league boots {Rampage+∞}
Stlth   +++.......              m - amulet of Tomnidig {Acrobat rElec}
HPRegen 0.32/turn               r - +4 ring of evasion
MPRegen 0.23/turn               O - ring of willpower

@: acrobatic, studying 3 skills, very slow
A: fangs 1, strong nose, distributed training
a: Renounce Religion, Recite, Vitalisation, Imprison, Sanctuary, Donate Gold


You were on level 3 of the Swamp.
You worshipped Zin.
Zin was extremely pleased with you.
You visited 5 branches of the dungeon, and saw 27 of its levels.
You visited the Abyss 1 time.
You also visited: Sewer, Ossuary and Ice Cave.

You collected 3006 gold pieces.
You spent 1472 gold pieces at shops.
You donated 128 gold pieces to Zin.

Inventory:

Hand Weapons
 a - a +1 scimitar of electrocution (weapon)
 b - a +3 eveningstar of holy wrath
 f - a +3 scimitar of flaming
Missiles
 d - 8 poisoned darts (quivered)
 e - 6 curare-tipped darts {!f}
 u - 19 boomerangs
 F - 5 boomerangs of dispersal {!f}
 M - 6 silver boomerangs {!f}
 N - 3 throwing nets {!f}
 T - 6 javelins
 Z - 8 atropa-tipped darts {!f}
Armour
 c - a +0 cloak of stealth (worn)
 i - +0 swamp dragon scales (worn)
 j - quicksilver dragon scales
 n - a +2 pair of gloves (worn)
 p - a +2 helmet of see invisible (worn)
 H - the +3 pair of seven-league boots (worn) {Rampage+∞}
   (You acquired it on level 8 of the Dungeon)

   Its wearer moves as far as possible in that direction when moving towards
   enemies.
 P - a +0 kite shield (worn)
Magical Staves
 Y - a staff of fire
Jewellery
 m - the amulet of Tomnidig (around neck) {Acrobat rElec}
   (You acquired it on level 8 of the Dungeon)

   [amulet of the acrobat]

   It increases your evasion while moving and waiting.
   rElec:     It insulates you from electricity.
 r - a +4 ring of evasion (left hand)
 G - a ring of ice
 O - a ring of willpower (right hand)
 W - a ring of resist corrosion
Wands
 l - a wand of digging (31)
 s - a wand of light (3)
 L - a wand of charming (4)
 R - a wand of iceblast (5)
Scrolls
 g - 6 scrolls of noise
 q - 6 scrolls of teleportation
 x - a scroll of poison
 y - 6 scrolls of fear
 B - 3 scrolls of vulnerability
 C - 5 scrolls of blinking
 D - 4 scrolls of fog
 E - 5 scrolls of immolation
 J - a scroll of summoning
 K - a scroll of silence
 U - 2 scrolls of magic mapping
Potions
 h - 10 potions of attraction
 k - 5 potions of brilliance
 o - 7 potions of flight
 v - 9 potions of curing
 w - 3 potions of cancellation
 z - 2 potions of berserk rage
 A - 4 potions of haste
 I - 13 potions of heal wounds
 S - 2 potions of magic
 V - 3 potions of resistance
 X - 2 potions of might
Miscellaneous
 t - a lightning rod (3/4)
 Q - a phial of floods


   Skills:
 + Level 12.9 Fighting
 + Level 12.9 Short Blades
 + Level 12.1 Long Blades
 + Level 12.1 Axes
 + Level 12.1 Maces & Flails
 + Level 12.1 Polearms
 + Level 12.1 Staves
 + Level 15.8 Ranged Weapons
 + Level 12.9 Throwing
 + Level 12.1 Armour
 + Level 12.4 Dodging
 + Level 14.2 Stealth
 + Level 12.1 Shields
 + Level 12.1 Unarmed Combat
 + Level 12.1 Spellcasting
 + Level 10.2 Conjurations
 + Level 10.2 Hexes
 + Level 10.2 Summonings
 + Level 12.4 Necromancy
 + Level 10.2 Translocations
 + Level 10.2 Transmutations
 + Level 10.2 Fire Magic
 + Level 12.4 Ice Magic
 + Level 10.2 Air Magic
 + Level 10.2 Earth Magic
 + Level 10.2 Poison Magic
 + Level 13.1 Invocations
 + Level 12.1 Evocations


You had 25 spell levels left.
You knew the following spells:

 Your Spells              Type           Power      Damage    Failure   Level
a - Blink                 Tloc           62%        N/A       1%          2
b - Frozen Ramparts       Ice            74%        1d9       1%          3
c - Swiftness             Air            31%        N/A       1%          3
d - Summon Lightning Spi  Summ/Air       31%        N/A       4%          4
e - Tukima's Dance        Hex            31%        N/A       1%          3

Your spell library contained the following spells:

 Spells                   Type           Power      Damage    Failure   Level
 Foxfire                  Conj/Fire      100%       2x1d9     1%          1
 Freeze                   Ice            100%       1d11      1%          1
 Magic Dart               Conj           100%       1d8       1%          1
 Shock                    Conj/Air       100%       1d9       1%          1
 Slow                     Hex            100%       N/A       1%          1
 Sting                    Tmut/Pois      100%       1d8       1%          1
 Summon Small Mammal      Summ           100%       N/A       1%          1
 Poisonous Vapours        Pois/Air       62%        N/A       1%          2
 Searing Ray              Conj           62%        2d6       1%          2
 Call Canine Familiar     Summ           31%        N/A       1%          3
 Confusing Touch          Hex            31%        N/A       1%          3
 Conjure Flame            Conj/Fire      31%        6-21      1%          3
 Dazzling Flash           Conj/Hex       62%        N/A       1%          3
 Inner Flame              Hex/Fire       31%        N/A       1%          3
 Lesser Beckoning         Tloc           31%        N/A       1%          3
 Ozocubu's Armour         Ice            37%        N/A       1%          3
 Portal Projectile        Hex/Tloc       62%        N/A       1%          3
 Summon Guardian Golem    Hex/Summ       31%        N/A       1%          3
 Vampiric Draining        Necr           37%        2d8       1%          3
 Hailstorm                Conj/Ice       34%        3d9       3%          4
 Ice Form                 Ice/Tmut       34%        N/A       3%          4
 Airstrike                Air            15%        0-6+      4%          4
 Animate Armour           Summ/Erth      62%        N/A       4%          4
 Flame Wave               Conj/Fire      31%        2d8       4%          4
 Fulminant Prism          Conj/Hex       15%        3d11      4%          4
 Iskenderun's Mystic Bla  Conj/Tloc      31%        2d8       4%          4
 Leda's Liquefaction      Hex/Erth       15%        N/A       4%          4
 Olgreb's Toxic Radiance  Pois           31%        N/A       4%          4
 Passage of Golubria      Tloc           31%        N/A       4%          4
 Metabolic Englaciation   Hex/Ice        17%        N/A       9%          5
 Freezing Cloud           Conj/Ice/Air   16%        6-21      10%         5
 Blade Hands              Tmut           15%        N/A       13%         5
 Lightning Bolt           Conj/Air       15%        1d29      13%         5
 Manifold Assault         Tloc           31%        N/A       13%         5
 Summon Forest            Summ/Tloc      15%        N/A       13%         5
 Summon Mana Viper        Hex/Summ       31%        N/A       13%         5
 Yara's Violent Unravell  Hex/Tmut       15%        3d8       13%         5
 Simulacrum               Ice/Necr       18%        N/A       28%         6
 Iron Shot                Conj/Erth      15%        9d4       56%         6
 Starburst                Conj/Fire      15%        6d6       56%         6
 Summon Cactus Giant      Summ           15%        N/A       56%         6
 Ozocubu's Refrigeration  Ice            18%        4d8       85%         7
 Ignition                 Fire           15%        3d6       100%        8
 Polar Vortex             Ice            18%        N/A       100%        9


Dungeon Overview and Level Annotations

Branches:
Dungeon (15/15)            Temple (1/1) D:5            Lair (6/6) D:8
  Swamp (3/4) Lair:2        Snake (0/4) Lair:2        Slime (0/5) Lair:5
    Orc (2/2) D:11            Elf (0/3) Orc:2        Vaults (0/5) D:14
 Depths (0/4) D:15          Sewer (visited)         Ossuary (visited)
  IceCv (visited)

Altars:
Ashenzari
Cheibriados
Dithmenos
Elyvilon
Fedhas
Gozag
Hepliaklqana
Kikubaaqudgha
Makhleb
Nemelex Xobeh
Okawaru
Qazlal
Ru
Sif Muna
Trog
Uskayaw
Vehumet
Wu Jian
Xom
Yredelemnul
Zin
The Shining One
Jiyva

Shops:
D:4 (   D:6 *   D:10 [   D:15 :   Orc:2 *[:(

Annotations:
Swamp:2 2 transporters, Phlounder's ghost, journeyman DjCj
Swamp:3 2 transporters, Biwige's ghost, adept MiBe
Orc:1 broad axe


Innate Abilities, Weirdness & Mutations

You have very sharp teeth.
Your uncanny sense of smell can sniff out nearby items.
Your experience applies equally to all skills.


Message History

You block the bunyip's attack. The bunyip closely misses you.
You block the bunyip's attack.
You slash the bunyip!
The bunyip is heavily wounded.
You slash the bunyip! Lightning courses through the bunyip!
The bunyip is severely wounded.
The will-o-the-wisp gestures.
The will-o-the-wisp conjures some foxfire! 2 foxfires come into view.
You slash the bunyip!
The bunyip is almost dead.
The bunyip closely misses you. The bunyip barely misses you.
The bunyip claws you!
You slash the bunyip!
You kill the bunyip!
The foxfire hits you. The foxfire hits you!
The will-o-the-wisp gestures.
The will-o-the-wisp conjures some foxfire!
Your lightning rod (4/4) has regained one charge. 2 foxfires come into view.
You are too injured to fight recklessly!
Aiming: Thunderbolt
Press: ? - help, Shift-Dir - straight line, f - will-o-the-wisp
Aim: a will-o-the-wisp The thunderbolt hits the will-o-the-wisp.
The will-o-the-wisp resists.
The will-o-the-wisp is lightly damaged.
The thunderbolt hits the foxfire!
The foxfire is lightly damaged.
You hear a hideous shriek!
The foxfire hits you! The foxfire hits you!!
* * * LOW HITPOINT WARNING * * *
Unknown command.
You enter the shallow water.
Moving in this stuff is going to be slow.
The bloated husk explodes!
The blast of putrescent gases engulfs the will-o-the-wisp!!!
The will-o-the-wisp is destroyed!
The blast of putrescent gases engulfs you!!!
You die...

≈.≈≈≈..≈≈≈...♣≈♣♣♣...
♣.§≈.<.)...♣♣......≈≈
♣♣......≈..♣♣♣..≈.≈..
♣...♣..<≈≈≈.♣♣♣..§.. ..^
♣≈≈≈≈≈≈§≈§≈≈♣ ♣♣♣...
.......≈≈♣ ♣.≈≈≈.≈≈≈≈≈♣♣
♣♣♣.
....(....♣♣♣♣♣...≈..≈.≈..♣
♣♣
≈...≈≈≈≈≈...♣♣♣.≈≈≈≈..<≈≈♣
♣
≈....≈≈≈≈≈.≈≈§♣.@§≈≈...♣♣♣
♣ ...≈≈≈≈≈≈≈≈≈≈D§♣♣.....♣♣
♣ .≈≈.≈≈≈≈≈§≈≈§§§♣♣♣♣♣♣♣♣
♣ ..≈≈.≈≈≈≈≈≈≈...♣ ♣
.≈≈≈≈.≈§≈≈.)...♣ ♣
...≈≈≈≈......≈♣♣♣♣ ♣
≈....♣♣♣♣♣)...≈≈.♣ ♣ (≈...
♣..≈.♣.≈≈♣ ♣♣ ♣ ...§.
♣♣..≈≈≈♣≈♣♣ ♣♣.♣♣♣


You could see a five-headed hydra.

Vanquished Creatures
  An ancient lich (Abyss:2)
  A tentacled monstrosity (Swamp:2)
  Kirke (D:14)
  The ghost of Taheskul the Blocker, a journeyman DDNe of Uskayaw (D:14)
  The ghost of dolemite99 the Blocker, a journeyman DsBe of Trog (Orc:2)
  Louise (Swamp:1)
  An ironbound preserver (D:14)
  An eleionoma (Swamp:2)
  3 bunyips
  A spark wasp (Orc:2)
  Josephine (D:14)
  A fire dragon (D:13)
  2 shambling mangroves
  A rakshasa (D:15)
  5 boulder beetles
  8 hydras
  A great orb of eyes (D:15)
  An ogre mage (D:15)
  8 centaur warriors
  A ghost crab (Swamp:2)
  9 alligators
  A naga warrior (Abyss:2)
  8 two-headed ogres
  6 death yaks
  5 orc high priests (Orc:2)
  7 spriggans
  2 thrashing horrors (Abyss:2)
  Nergalle (Lair:1)
  3 skeletal warriors (D:13)
  A goliath frog (Swamp:1)
  2 spriggan druids
  A wizard (D:15)
  3 swamp dragons
  2 bog bodies
  A necromancer (IceCv)
  3 deep elf pyromancers
  6 orc knights
  5 orc sorcerers
  A wolf spider (Lair:6)
  7 cyclopes
  13 ugly things
  6 manticores
  A moth of wrath (shapeshifter) (D:15)
  4 will-o-the-wisps
  2 moths of wrath (Swamp:1)
  A guardian serpent (Abyss:2)
  2 large abominations (Abyss:2)
  4 elephants (Lair:4)
  Joseph (D:9)
  11 cane toads
  2 smoke demons (Abyss:2)
  10 black mambas
  4 gargoyles
  An ice statue (IceCv)
  9 komodo dragons
  A rime drake (shapeshifter) (D:13)
  A cane toad (shapeshifter) (D:14)
  7 rime drakes
  4 efreet
  3 kobold demonologists
  2 unseen horrors
  An entropy weaver simulacrum (IceCv)
  5 freezing wraiths (IceCv)
  12 ice devils (IceCv)
  An anaconda simulacrum (IceCv)
  4 trolls
  Grinder (D:5)
  10 polar bears
  11 hornets
  3 tyrant leeches
  2 bloated husks
  3 raiju
  23 slime creatures
  7 dream sheep
  11 blink frogs
  2 dire elephant simulacra (IceCv)
  A centaur simulacrum (D:13)
  3 flying skulls (Abyss:2)
  A shadow (D:12)
  74 yaks
  A wyvern (D:8)
  2 ynoxinuls (Abyss:2)
  7 wraiths
  Grum (D:8)
  3 death yak simulacra (IceCv)
  2 golden eyes (Abyss:2)
  A hog (D:14)
  4 humans (D:14)
  4 basilisks
  18 vampire mosquitoes
  A chaos spawn (Abyss:2)
  A neqoxec (Abyss:2)
  8 swamp worms
  2 harpy simulacra (IceCv)
  8 wargs
  A naga (Abyss:2)
  20 water moccasins
  An acid dragon (D:12)
  13 hell hounds (Lair:6)
  44 orc warriors
  A swamp drake (Swamp:2)
  3 ice beasts
  14 black bears
  8 ogres
  A sky beast (D:4)
  A boggart (D:14)
  4 centaurs
  41 wolves
  2 phantoms
  Blork the orc (D:4)
  14 bullfrogs
  5 kobold brigands
  3 two-headed ogre simulacra (IceCv)
  2 necrophages (D:4)
  A gnoll sergeant (D:7)
  4 cane toad simulacra (IceCv)
  2 scorpions
  6 wights
  3 water moccasin zombies (Ossuary)
  4 elephant simulacra (IceCv)
  6 electric eels (Lair:2)
  4 howler monkeys
  A jelly (D:6)
  2 quasits (Abyss:2)
  8 hounds
  24 orc priests
  A gnoll bouda (D:9)
  5 iguanas
  18 orc wizards
  2 spriggan simulacra
  2 polar bear simulacra (IceCv)
  A troll simulacrum (IceCv)
  7 wolf simulacra (IceCv)
  4 small abominations (Abyss:2)
  2 mummies (Ossuary)
  Robin (D:3)
  15 gnolls
  16 adders
  4 river rats (Sewer)
  A naga simulacrum (IceCv)
  2 shadow imps
  3 white imps
  3 ufetubi (Abyss:2)
  3 adder zombies (Ossuary)
  2 worms
  2 dart slugs (D:3)
  87 orcs
  5 endoplasms
  12 giant cockroaches
  16 goblins
  8 hobgoblins
  2 jackals (D:3)
  8 quokkas
  16 ball pythons
  14 bats
  9 frilled lizards
  3 gnoll zombies (Ossuary)
  3 hobgoblin zombies (Ossuary)
  26 kobolds
  4 kobold zombies (Ossuary)
  4 orc zombies (Ossuary)
  39 rats
  A bush (Lair:2)
  2 butterflies (Lair:6)
  36 foxfires
  52 fungi
  A pillar of salt (Abyss:2)
  83 plants
1211 creatures vanquished.

Notes
Turn   | Place    | Note
-------+----------+-------------------------------------------
     0 | D:1      | jfcaron the Gnoll Brigand began the quest for the Orb.
     0 | D:1      | Reached XP level 1. HP: 20/20 MP: 1/1
    12 | D:1      | Found Detsavec's Distillery.
   176 | D:1      | Reached XP level 2. HP: 26/26 MP: 2/2
   215 | D:1      | Found a faded altar of an unknown god.
   760 | D:1      | Reached XP level 3. HP: 31/31 MP: 3/3
  1017 | D:1      | Bought a potion of curing for 30 gold pieces
  1057 | D:2      | Reached skill level 1 in Invocations
  1401 | D:2      | Reached skill level 1 in Long Blades
  1401 | D:2      | Reached skill level 1 in Axes
  1401 | D:2      | Reached skill level 1 in Maces & Flails
  1401 | D:2      | Reached skill level 1 in Polearms
  1401 | D:2      | Reached skill level 1 in Staves
  1401 | D:2      | Reached skill level 1 in Ranged Weapons
  1401 | D:2      | Reached skill level 1 in Armour
  1401 | D:2      | Reached skill level 1 in Shields
  1401 | D:2      | Reached skill level 1 in Unarmed Combat
  1401 | D:2      | Reached skill level 1 in Spellcasting
  1401 | D:2      | Reached skill level 1 in Evocations
  1742 | D:3      | Reached XP level 4. HP: 30/38 MP: 5/5
  1816 | D:3      | Reached skill level 1 in Conjurations
  1816 | D:3      | Reached skill level 1 in Hexes
  1816 | D:3      | Reached skill level 1 in Summonings
  1816 | D:3      | Reached skill level 1 in Necromancy
  1816 | D:3      | Reached skill level 1 in Translocations
  1816 | D:3      | Reached skill level 1 in Transmutations
  1816 | D:3      | Reached skill level 1 in Fire Magic
  1816 | D:3      | Reached skill level 1 in Ice Magic
  1816 | D:3      | Reached skill level 1 in Air Magic
  1816 | D:3      | Reached skill level 1 in Earth Magic
  1816 | D:3      | Reached skill level 1 in Poison Magic
  1828 | D:3      | Noticed Robin
  1837 | D:3      | HP: 6/38 [goblin/+0 dagger[Robin] (3)]
  1847 | D:3      | Killed Robin
  2154 | D:3      | Noticed a phantom
  2157 | D:3      | Reached XP level 5. HP: 43/43 MP: 7/7
  2196 | D:1      | Bought a potion of heal wounds for 50 gold pieces
  2248 | D:3      | Killed a phantom
  2959 | D:4      | Noticed a sky beast
  2962 | D:4      | Killed a sky beast
  2963 | D:4      | Reached skill level 5 in Fighting
  2963 | D:4      | Reached skill level 5 in Short Blades
  2963 | D:4      | Reached skill level 2 in Ranged Weapons
  2963 | D:4      | Reached skill level 5 in Throwing
  2963 | D:4      | Reached XP level 6. HP: 51/51 MP: 7/9
  3189 | D:4      | Reached XP level 7. HP: 48/56 MP: 10/10
  3447 | D:1      | Bought a potion of might for 40 gold pieces
  3597 | D:4      | Noticed Blork the orc
  3612 | D:4      | Killed Blork the orc
  4112 | D:4      | Found Cuabrinu's Weapon Emporium.
  5016 | D:5      | Entered Level 5 of the Dungeon
  5036 | D:5      | Found a sand-covered staircase.
  5051 | Ossuary  | Entered an ossuary
  5198 | Ossuary  | Reached skill level 3 in Ranged Weapons
  5227 | Ossuary  | Reached XP level 8. HP: 63/63 MP: 12/12
  5419 | D:5      | Found a staircase to the Ecumenical Temple.
  5426 | D:5      | Noticed Grinder
  5428 | Temple   | Entered the Ecumenical Temple
  5481 | Temple   | Became a worshipper of the Shining One
  5530 | D:5      | HP: 8/63 [Grinder/nerve-wracking pain (14)]
  5538 | D:5      | HP: 9/63 [Grinder (6)]
  5545 | D:5      | Killed Grinder
  5679 | D:5      | HP: 12/64 [poisoned by a water moccasin]
  6766 | D:6      | Found a glowing drain.
  6793 | Sewer    | Entered a sewer
  7147 | Sewer    | Reached XP level 9. HP: 28/69 MP: 14/14
  7155 | Sewer    | Reached skill level 4 in Ranged Weapons
  7454 | D:6      | Reached skill level 5 in Dodging
  7469 | D:6      | Found Obid's Lightly-Used Armoury.
  7764 | D:6      | Found a blossoming altar of Fedhas.
  8468 | D:6      | Reached skill level 5 in Invocations
  8632 | D:6      | Found a shimmering blue altar of Sif Muna.
  8632 | D:6      | Found a stormy altar of Qazlal.
  8897 | D:1      | Bought a potion of curing for 30 gold pieces
  8897 | D:1      | Bought a potion of curing for 30 gold pieces
  9061 | D:7      | Reached * piety under the Shining One
 10545 | D:8      | Reached skill level 5 in Long Blades
 10545 | D:8      | Reached skill level 5 in Axes
 10545 | D:8      | Reached skill level 5 in Maces & Flails
 10545 | D:8      | Reached skill level 5 in Polearms
 10545 | D:8      | Reached skill level 5 in Staves
 10545 | D:8      | Reached skill level 5 in Ranged Weapons
 10545 | D:8      | Reached skill level 5 in Armour
 10545 | D:8      | Reached skill level 5 in Shields
 10545 | D:8      | Reached skill level 5 in Unarmed Combat
 10545 | D:8      | Reached skill level 5 in Spellcasting
 10545 | D:8      | Reached skill level 5 in Evocations
 10545 | D:8      | Reached XP level 10. HP: 46/77 MP: 17/17
 11111 | D:8      | Found a broken altar of Ashenzari.
 11185 | D:8      | Noticed Grum
 11204 | D:8      | Killed Grum
 11809 | D:8      | Found a staircase to the Lair.
 12185 | D:8      | Found a glowing silver altar of Zin.
 12188 | D:8      | Found a bloodstained altar of Trog.
 12190 | D:8      | Found an opulent altar of Gozag.
 12190 | D:8      | Found an ornate altar of the Wu Jian Council.
 12190 | D:8      | Found an ancient bone altar of Kikubaaqudgha.
 12333 | D:8      | Identified 2 scrolls of acquirement
 12334 | D:8      | Acquired the amulet of Tomnidig {Acrobat rElec}
 12341 | D:8      | Acquired the +3 pair of seven-league boots {Rampage+∞}
 12341 | D:8      | Found the +3 pair of seven-league boots {Rampage+∞}
 12490 | D:1      | Bought a potion of magic for 80 gold pieces
 12490 | D:1      | Bought a potion of might for 40 gold pieces
 12490 | D:1      | Bought a potion of mutation for 80 gold pieces
 12681 | D:9      | Reached ** piety under the Shining One
 12734 | D:9      | Noticed Joseph
 12758 | D:9      | Your ally Joseph died
 12783 | D:9      | Reached skill level 6 in Ranged Weapons
 12822 | D:9      | Reached skill level 5 in Conjurations
 12822 | D:9      | Reached skill level 5 in Hexes
 12822 | D:9      | Reached skill level 5 in Summonings
 12822 | D:9      | Reached skill level 5 in Necromancy
 12822 | D:9      | Reached skill level 5 in Translocations
 12822 | D:9      | Reached skill level 5 in Transmutations
 12822 | D:9      | Reached skill level 5 in Fire Magic
 12822 | D:9      | Reached skill level 5 in Ice Magic
 12822 | D:9      | Reached skill level 5 in Air Magic
 12822 | D:9      | Reached skill level 5 in Earth Magic
 12822 | D:9      | Reached skill level 5 in Poison Magic
 12822 | D:9      | Reached XP level 11. HP: 32/85 MP: 20/20
 13071 | D:8      | Reached skill level 10 in Stealth
 14036 | D:9      | Reached skill level 7 in Ranged Weapons
 14376 | D:10     | Entered Level 10 of the Dungeon
 14403 | D:10     | Found Koecicwe's Armour Shoppe.
 15288 | D:10     | Reached *** piety under the Shining One
 15559 | D:11     | Found a staircase to the Orcish Mines.
 16147 | D:11     | Reached skill level 8 in Ranged Weapons
 16490 | D:11     | Noticed a manticore
 16502 | D:11     | Killed a manticore
 16738 | D:11     | Noticed a two-headed ogre
 16748 | D:11     | Killed a two-headed ogre
 16749 | D:11     | Reached XP level 12. HP: 63/94 MP: 22/22
 17575 | D:11     | Noticed a two-headed ogre
 17589 | D:11     | Killed a two-headed ogre
 18490 | Lair:1   | Entered Level 1 of the Lair of Beasts
 18828 | Lair:1   | Reached skill level 9 in Ranged Weapons
 19418 | Lair:1   | Noticed Nergalle
 19441 | Lair:1   | Killed Nergalle
 19900 | D:10     | Bought a +2 ring mail of fire resistance for 252 gold
                  | pieces
 20269 | Lair:2   | Found a staircase to the Swamp.
 20586 | Lair:2   | Found a staircase to the Snake Pit.
 20592 | Lair:2   | Noticed a death yak
 20592 | Lair:2   | Noticed a death yak
 20593 | Lair:2   | Noticed a death yak
 20638 | Lair:2   | HP: 13/95 [rime drake/flash freeze (18)]
 21000 | Lair:1   | Killed a death yak
 21009 | Lair:1   | Killed a death yak
 21020 | Lair:1   | Killed a death yak
 22173 | Lair:3   | Reached XP level 13. HP: 101/101 MP: 25/25
 22193 | Lair:3   | Reached skill level 10 in Ranged Weapons
 22282 | Lair:3   | Found a frozen archway.
 22404 | IceCv    | Entered an ice cave
 22444 | IceCv    | HP: 19/101 [death yak simulacrum (16)]
 22449 | IceCv    | HP: 9/101 [death yak simulacrum (18)]
 22478 | IceCv    | Reached **** piety under the Shining One
 23204 | IceCv    | Found an ancient bone altar of Kikubaaqudgha.
 23204 | IceCv    | Reached ***** piety under the Shining One
 23318 | IceCv    | HP: 20/103 [ice devil (7)]
 23674 | IceCv    | HP: 17/103 [elephant simulacrum (7)]
 24923 | Lair:3   | Reached skill level 10 in Fighting
 24923 | Lair:3   | Reached skill level 10 in Short Blades
 24923 | Lair:3   | Reached skill level 10 in Throwing
 24983 | Lair:3   | Reached skill level 11 in Ranged Weapons
 25240 | Lair:3   | You fall into a shaft and drop 3 floors!
 25240 | Lair:6   | Entered Level 6 of the Lair of Beasts
 26084 | Lair:6   | Identified the +0 robe of Darkness {Fly rF++ Regen+ Dex-3}
 26311 | Lair:5   | Reached XP level 14. HP: 106/110 MP: 27/27
 26318 | Lair:5   | Reached skill level 10 in Invocations
 26655 | Lair:4   | Identified the +9 quarterstaff of Zeidan {elec, Int+3}
 27022 | Lair:3   | Learned a level 2 spell: Blink
 27026 | Lair:3   | Learned a level 3 spell: Frozen Ramparts
 27030 | Lair:3   | Learned a level 3 spell: Swiftness
 27835 | Lair:4   | Reached skill level 12 in Ranged Weapons
 28549 | Lair:5   | Identified the +5 quarterstaff of Weak Courage {drain,
                  | Str+7}
 28569 | Lair:5   | Reached skill level 10 in Dodging
 28590 | Lair:5   | Found a viscous altar of Jiyva.
 28596 | Lair:5   | Found a staircase to the Slime Pits.
 29682 | Lair:6   | Reached ****** piety under the Shining One
 30123 | Lair:6   | Reached skill level 10 in Long Blades
 30123 | Lair:6   | Reached skill level 10 in Axes
 30123 | Lair:6   | Reached skill level 10 in Maces & Flails
 30123 | Lair:6   | Reached skill level 10 in Polearms
 30123 | Lair:6   | Reached skill level 10 in Staves
 30123 | Lair:6   | Reached skill level 10 in Armour
 30123 | Lair:6   | Reached skill level 10 in Shields
 30123 | Lair:6   | Reached skill level 10 in Unarmed Combat
 30123 | Lair:6   | Reached skill level 10 in Spellcasting
 30123 | Lair:6   | Reached skill level 10 in Evocations
 30777 | Orc:1    | Entered Level 1 of the Orcish Mines
 30861 | Orc:1    | Found a radiant altar of Vehumet.
 30938 | Orc:2    | Entered Level 2 of the Orcish Mines
 31044 | Orc:2    | Reached XP level 15. HP: 106/118 MP: 25/29
 31166 | Orc:2    | Found a staircase to the Elven Halls.
 31592 | Orc:2    | Noticed an orc warlord
 31625 | Orc:2    | Reached skill level 13 in Ranged Weapons
 31629 | Orc:2    | Noticed Urug
 31875 | Orc:1    | Noticed Urug
 31875 | Orc:1    | Urug changed into Urug the basilisk
 31882 | Orc:1    | Killed Urug the basilisk
 32402 | Orc:2    | an orc warlord changed into a spark wasp
 32908 | Orc:2    | Found Remavaji's Antique Armour Shop.
 32909 | Orc:2    | Found Emegh's Antique Weapon Boutique.
 32910 | Orc:2    | Found Diozaun's General Store.
 32910 | Orc:2    | Found Kenwo's Book Shop.
 33256 | Orc:2    | Found a runed translucent door.
 33258 | Orc:2    | Noticed dolemite99's ghost (journeyman DsBe)
 33725 | Orc:2    | Identified a +2 eveningstar of holy wrath (a +0 eveningstar
                  | of protection blessed by the Shining One)
 33725 | Orc:2    | Received a gift from the Shining One
 33792 | Orc:2    | Bought a crude plate armour for 840 gold pieces
 33792 | Orc:2    | Identified the +4 plate armour of the Journeyman {rF+
                  | Stlth+} (You bought it in a shop on level 2 of the Orcish
                  | Mines)
 33906 | Orc:2    | Killed dolemite99's ghost
 33907 | Orc:2    | Reached skill level 10 in Necromancy
 33907 | Orc:2    | Reached skill level 10 in Ice Magic
 34036 | D:8      | Fell from the grace of the Shining One
 34036 | D:8      | Became a worshipper of Zin the Law-Giver
 34036 | D:8      | Reached * piety under Zin
 34036 | D:8      | Reached ** piety under Zin
 34036 | D:8      | Reached *** piety under Zin
 34036 | D:8      | Reached **** piety under Zin
 34036 | D:8      | Reached ***** piety under Zin
 34294 | D:12     | HP: 19/119 [slime creature (6)]
 36260 | D:13     | HP: 19/119 [centaur warrior (9)]
 36616 | D:13     | Reached ****** piety under Zin
 38182 | D:14     | Noticed Josephine
 38197 | D:14     | Killed Josephine
 38198 | D:14     | Reached skill level 14 in Ranged Weapons
 38595 | D:14     | Reached XP level 16. HP: 85/127 MP: 30/30
 38642 | D:14     | HP: 22/127 [ironbound preserver/+0 morningstar (20)]
 39049 | D:14     | Found a runed translucent door.
 39051 | D:14     | Identified the +9 spear "Gilaepn" {venom, +Blink rN+ Int+4}
 39051 | D:14     | Noticed Taheskul's ghost (journeyman DDNe)
 39622 | D:14     | You fall into a shaft and drop 1 floor!
 39622 | D:15     | Entered Level 15 of the Dungeon
 39730 | Abyss:2  | Cast into level 2 of the Abyss (a wizard)
 39731 | Abyss:2  | Upgraded the game from 0.29-a0-721-g7f417c9bbb to
                  | 0.29-a0-723-gce39da1c22
 40025 | Abyss:2  | Noticed a tentacled starspawn
 40288 | Abyss:2  | HP: 25/127 [naga warrior/+0 halberd (12)]
 40392 | Abyss:2  | Upgraded the game from 0.29-a0-723-gce39da1c22 to
                  | 0.29-a0-819-g94b489e0ae
 40392 | Abyss:2  | Upgraded the game from 0.29-a0-819-g94b489e0ae to
                  | 0.29-a0-821-g66395355a5
 40417 | Abyss:2  | Noticed an ancient lich
 40442 | Abyss:2  | Killed an ancient lich
 40445 | D:15     | Escaped the Abyss
 40892 | D:14     | Noticed Kirke
 40918 | D:14     | Killed Kirke
 41274 | D:14     | Found a gate to the Vaults.
 42327 | D:14     | Killed Taheskul's ghost
 42648 | D:15     | Paralysed by an ogre mage for 4 turns
 42651 | D:15     | HP: 24/127 [boulder beetle (18)]
 42651 | D:15     | Zin protects you from harm!
 43224 | D:14     | Learned a level 4 spell: Summon Lightning Spire
 43407 | D:15     | Found Ewnaasifof's Book Shop.
 44110 | D:15     | Reached skill level 15 in Ranged Weapons
 44410 | D:15     | Paralysed by a great orb of eyes for 4 turns
 44613 | D:15     | Found a staircase to the Depths.
 44978 | Swamp:1  | Entered Level 1 of the Swamp
 45348 | Swamp:1  | HP: 22/129 [poisoned by a swamp dragon (poison gas)]
 45785 | Swamp:1  | Noticed Louise
 45796 | Swamp:1  | Killed Louise
 45797 | Swamp:1  | Reached XP level 17. HP: 98/135 MP: 32/32
 46136 | Swamp:1  | Learned a level 3 spell: Tukima's Dance
 46956 | Swamp:1  | Reached skill level 10 in Conjurations
 46956 | Swamp:1  | Reached skill level 10 in Hexes
 46956 | Swamp:1  | Reached skill level 10 in Summonings
 46956 | Swamp:1  | Reached skill level 10 in Translocations
 46956 | Swamp:1  | Reached skill level 10 in Transmutations
 46956 | Swamp:1  | Reached skill level 10 in Fire Magic
 46956 | Swamp:1  | Reached skill level 10 in Air Magic
 46956 | Swamp:1  | Reached skill level 10 in Earth Magic
 46956 | Swamp:1  | Reached skill level 10 in Poison Magic
 47618 | Swamp:2  | HP: 23/135 [will-o-the-wisp/foxfire (18)]
 47618 | Swamp:2  | HP: 2/135 [will-o-the-wisp/foxfire (21)]
 47618 | Swamp:2  | Zin protects you from harm!
 48190 | Swamp:2  | Found a radiant altar of Vehumet.
 48410 | Swamp:2  | Found a bloodstained altar of Trog.
 48410 | Swamp:2  | Noticed Phlounder's ghost (journeyman DjCj)
 48425 | Swamp:2  | Noticed a tentacled monstrosity
 48441 | Swamp:2  | Killed a tentacled monstrosity
 48684 | Swamp:2  | Found a transporter.
 48700 | Swamp:2  | Paralysed by a hornet for 3 turns
 48702 | Swamp:2  | HP: 25/135 [hornet[a shambling mangrove] (9)]
 48702 | Swamp:2  | HP: 7/135 [constriction (7)]
 48704 | Swamp:2  | Found a transporter.
 48704 | Swamp:2  | HP: 3/135 [poisoned by a hornet]
 48714 | Swamp:2  | HP: 12/135 [constriction (5)]
 49510 | Swamp:3  | Found a transporter.
 49510 | Swamp:3  | Noticed Biwige's ghost (adept MiBe)
 49735 | Swamp:3  | Found a transporter.
 49744 | Swamp:3  | Noticed a tentacled monstrosity
 50340 | Swamp:3  | HP: 19/135 [constriction (11)]
 50751 | Swamp:3  | Killed by an exploding bloated husk

Illustrated notes

Levels and vault maps discovered:
D:1:      psy_arrival_basics, layout_loops_cross,
          nicolae_ecumenical_snake_handling, serial_shops,
          nicolae_shop_waterfront, minmay_3d_cube
D:2:      wad_pebble_path, layout_loops_ring
D:3:      layout_basic, uniq_robin
D:4:      layout_layer_cave, serial_shops, shop, chequers_big_river,
          uniq_blork_the_orc
D:5:      layout_basic, minmay_temple_entry_sparse_star, enter_ossuary_1,
          serial_aquarium, aquarium_bridge_square [aquarium_subvault_wall,
          aquarium_subvault_bridge, aquarium_subvault_wall,
          aquarium_subvault_wall], aquarium_bridge_island_small
          [aquarium_subvault_small_water, aquarium_subvault_wall,
          aquarium_subvault_wall, aquarium_subvault_balcony,
          aquarium_subvault_bridge], aquarium_window_fake, aquarium_window_1,
          aquarium_window_1, aquarium_window_corner, aquarium_view_2b,
          aquarium_balcony_5b, guppyfry_early_lair_pool, uniq_grinder
D:6:      layout_rooms, jmf_multi_god_temple, old_standard_altar,
          gup_sewer_entry_pipe, kennysheep_nondescript, minmay_shop_damaged,
          minmay_misc_feat_roman, minmay_misc_feat_diagonals,
          nicolae_concentric_dashed_squares_wild
D:7:      layout_cave_pools
D:8:      layout_loops_corners, kennysheep_little_box, minitemple,
          lair_entry_dummy, minmay_manual_mail, uniq_grum
D:9:      layout_loops_cross, uniq_joseph
D:10:     layout_basic, serial_shops, shop_statue
D:11:     layout_rooms, david_orc_5, serial_co_window_serial, co_window_paths_a,
          co_window_paths_a, co_window_of_opportunity_a,
          co_window_of_opportunity_a, co_window_paths_b,
          co_window_unsneaky_path_d, co_window_corner_b,
          co_window_of_opportunity_c, co_window_broadway_c,
          co_window_broadway_b, co_window_broadway_a, co_window_broadway_b,
          glass_columns_b, glass_columns_a, glass_columns_b, glass_columns_a,
          glass_columns_a
D:12:     layout_loops_ring
D:13:     hangedman_cross_veins, layout_cave_pools
D:14:     layout_roguey, skrybe_vaults_entry_preservation,
          ebering_ghost_funeral_grove, uniq_josephine, uniq_kirke
D:15:     gammafunk_enter_depths_forms, layout_long_grid, serial_shops, shop,
          grunt_decor_junction
Temple:   nicolae_temple_god_jail
Lair:1:   layout_regular_city, nicolae_quartered_pool_impasse, st_stairs_3,
          uniq_nergalle
Lair:2:   layout_loops_ring, minmay_swamp_entry_eels, dummy_snake_entry,
          serial_forest, infiniplex_forest_lined_corner,
          infiniplex_forest_corner_1, infiniplex_forest_clump_curved,
          infiniplex_forest_clump_diagonal, infiniplex_forest_lined_room_2,
          infiniplex_forest_straight_1, infiniplex_forest_side_room,
          infiniplex_forest_lined_ring, infiniplex_forest_corner_1,
          st_stairs_11, infiniplex_staircase_pool, lemuel_fruit_fields,
          serial_bayou_shore_a
Lair:3:   beast_lair_carwin_large_4, layout_regular_city, portal_ice_cave_rime
Lair:4:   layout_big_grid
Lair:5:   layout_misc_corridors, dpeg_slime_entry_corner
Lair:6:   hangedman_lair_caniforms_friends, layout_hall_layers,
          serial_bayou_shore_b, grunt_megastairs_2, lemuel_fruit_fields,
          lemuel_fruit_fields
Swamp:1:  layout_basic_swamp, nicolae_swamp_oxbows, uniq_louise
Swamp:2:  layout_basic_swamp, gammafunk_ghost_wrathful_warriors,
          nicolae_swamp_godswood
Swamp:3:  nicolae_swamp_standing_stones, layout_basic_swamp,
          gammafunk_ghost_arena, evilmike_swamp_ruin_house_1
Orc:1:    layout_caves, basic_altar
Orc:2:    st_orc_congregation, layout_caves, ebering_ghost_inner_flame,
          uniq_urug

Skill      XL: |  1  2  3  4  5  6  7  8  9 10 11 12 13 14 15 16 17 |
---------------+----------------------------------------------------+-----
Invocations    | 1 2 3 4 5 6 7 8 9 10 11 12 13 | 13.1
Long Blades    | 1 2 3 5 6 7 8 9 10 11 12 | 12.1
Axes           | 1 2 3 5 6 7 8 9 10 11 12 | 12.1
Maces & Flails | 1 2 3 5 6 7 8 9 10 11 12 | 12.1
Polearms       | 1 2 3 5 6 7 8 9 10 11 12 | 12.1
Staves         | 1 2 3 5 6 7 8 9 10 11 12 | 12.1
Ranged Weapons | 1 2 3 5 6 8 9 11 12 14 15 | 15.8
Armour         | 1 2 3 5 6 7 8 9 10 11 12 | 12.1
Shields        | 1 2 3 5 6 7 8 9 10 11 12 | 12.1
Unarmed Combat | 1 2 3 5 6 7 8 9 10 11 12 | 12.1
Spellcasting   | 1 2 3 5 6 7 8 9 10 11 12 | 12.1
Evocations     | 1 2 3 5 6 7 8 9 10 11 12 | 12.1
Conjurations   | 1 2 3 4 5 6 7 8 9 10 | 10.2
Hexes          | 1 2 3 4 5 6 7 8 9 10 | 10.2
Summonings     | 1 2 3 4 5 6 7 8 9 10 | 10.2
Necromancy     | 1 2 3 4 5 6 7 9 10 11 12 | 12.4
Translocations | 1 2 3 4 5 6 7 8 9 10 | 10.2
Transmutations | 1 2 3 4 5 6 7 8 9 10 | 10.2
Fire Magic     | 1 2 3 4 5 6 7 8 9 10 | 10.2
Ice Magic      | 1 2 3 4 5 6 7 9 10 11 12 | 12.4
Air Magic      | 1 2 3 4 5 6 7 8 9 10 | 10.2
Earth Magic    | 1 2 3 4 5 6 7 8 9 10 | 10.2
Poison Magic   | 1 2 3 4 5 6 7 8 9 10 | 10.2
Dodging        | 3 4 5 6 7 8 9 10 11 12 | 12.4
Stealth        | 8 9 10 11 12 13 14 | 14.2
Fighting       | 5 6 7 8 9 10 11 12 | 12.9
Short Blades   | 5 6 7 8 9 10 11 12 | 12.9
Throwing       | 5 6 7 8 9 10 11 12 | 12.9

Action                   |  1- 3 |  4- 6 |  7- 9 | 10-12 | 13-15 | 16-18 || total
-------------------------+-------+-------+-------+-------+-------+-------++-------
Melee: Dagger            |   122 |    99 |   684 |   587 |       |       ||  1492
       Bite              |     9 |     9 |    90 |   237 |   311 |   178 ||   834
       Punch             |     1 |     3 |    17 |       |       |       ||    21
       Hand axe          |       |    14 |       |       |       |       ||    14
       Spear             |       |       |    45 |   199 |    28 |       ||   272
       Quarterstaff      |       |       |     4 |       |       |       ||     4
       War axe           |       |       |       |    11 |   212 |       ||   223
       Unarmed           |       |       |       |     1 |       |       ||     1
       Falchion          |       |       |       |   288 |   707 |       ||   995
       Rapier            |       |       |       |       |     2 |       ||     2
       Scimitar          |       |       |       |       |   397 |   740 ||  1137
       Eveningstar       |       |       |       |       |   294 |   237 ||   531
Throw: Dart              |     9 |     4 |    20 |   129 |    96 |   111 ||   369
       Stone             |    13 |       |    56 |    60 |    87 |     5 ||   221
       Boomerang         |       |       |       |    14 |   351 |    16 ||   381
       Javelin           |       |       |       |       |       |     1 ||     1
 Cast: Frozen Ramparts   |       |       |       |       |    47 |     8 ||    55
       Summon Lightning  |       |       |       |       |       |     6 ||     6
Invok: Cleansing Flame   |       |       |       |     1 |     3 |       ||     4
       Divine Shield     |       |       |       |     1 |       |       ||     1
       Recite            |       |       |       |       |    11 |    33 ||    44
       Brand Weapon With |       |       |       |       |     1 |       ||     1
       Vitalisation      |       |       |       |       |       |     2 ||     2
       Sanctuary         |       |       |       |       |       |     1 ||     1
Evoke: Wand              |       |       |     1 |    15 |    18 |    16 ||    50
       Box of beasts     |       |       |       |     1 |     1 |       ||     2
       Lightning rod     |       |       |       |       |     4 |    11 ||    15
  Use: Potion            |       |     2 |     4 |     1 |     4 |     8 ||    19
       Scroll            |       |     9 |    11 |     6 |     5 |     6 ||    37
 Stab: Sleeping          |    13 |     8 |     6 |       |       |       ||    27
       Confused          |       |       |       |       |     2 |    13 ||    15
       Distracted        |       |       |       |       |     1 |     4 ||     5
       Paralysed         |       |       |       |       |       |     1 ||     1
Armor: Robe              |    28 |    27 |    38 |       |       |       ||    93
       Plate armour      |       |       |   267 |   293 |   425 |   178 ||  1163
       Quicksilver drago |       |       |       |       |   215 |   171 ||   386
       Swamp dragon scal |       |       |       |       |       |   134 ||   134
Dodge: Dodged            |    59 |    72 |   316 |   247 |   786 |   792 ||  2272
Block: Kite shield       |       |       |    28 |   369 |   913 |   699 ||  2009

Table legend: (Time is in decaauts)
 A = Elapsed time spent in this place.
 B = Non-inter-level travel time spent in this place.
 C = Inter-level travel time spent in this place.
 D = Time resting spent in this place.
 E = Time spent auto-exploring this place.
 F = Levels seen in this place.
 G = Mean time per level.
                   A        B        C        D        E       F      G
               +--------+--------+--------+--------+--------+-----+--------+
         Total |  50490 |  45983 |   4507 |  16739 |  19299 |  31 | 1628.7 |
       Dungeon |  27307 |  24195 |   3112 |   7994 |  11889 |  15 | 1820.5 |
        Temple |     79 |     52 |     27 |      0 |     24 |   1 |   79.0 |
          Lair |  10166 |   9532 |    634 |   2617 |   4636 |   6 | 1694.3 |
         Swamp |   5676 |   5500 |    176 |   3209 |   1413 |   3 | 1892.0 |
  Orcish Mines |   3496 |   2939 |    557 |    960 |    999 |   2 | 1748.0 |
         Abyss |    715 |    715 |      0 |    354 |      0 |   1 |  715.0 |
         Sewer |    589 |    589 |      0 |    215 |    168 |   1 |  589.0 |
       Ossuary |    318 |    318 |      0 |     84 |     75 |   1 |  318.0 |
      Ice Cave |   2141 |   2141 |      0 |   1304 |     95 |   1 | 2141.0 |
               +--------+--------+--------+--------+--------+-----+--------+

Top non-repeatable levels by time:
    D:13: 3162 daAuts
    D:11: 3131 daAuts
    D:14: 2782 daAuts
 Swamp:1: 2756 daAuts
     D:8: 2708 daAuts
     D:4: 2376 daAuts
  Lair:6: 2368 daAuts
   IceCv: 2141 daAuts
   Orc:2: 2126 daAuts
  Lair:2: 1978 daAuts
 Swamp:2: 1930 daAuts
  Lair:3: 1877 daAuts
  Lair:1: 1768 daAuts
    D:15: 1759 daAuts
     D:6: 1738 daAuts
